 Dungeon Crawl Stone Soup version 0.32-a0-999-gfa1cc04b1d (webtiles) character file.

Game seed: 5776031226096158599

1066 chippings the Trooper (level 8, -2/68 HPs)
             Began as a Green Draconian Wanderer on Apr 25, 2024.
             Was a Priest of Okawaru.
             Slain by an orc warrior
             ... wielding a +0 battleaxe
              (13 damage)
             ... on level 6 of the Dungeon.
             The game lasted 00:11:58 (5251 turns).

chippings the Trooper (Green Draconian Wanderer)    Turns: 5251, Time: 00:11:59

Health: -2/68      AC:  6    Str: 12    XL:     8   Next: 7%
Magic:  11/11      EV: 12    Int: 18    God:    Okawaru [***...]
Gold:   187        SH:  0    Dex: 16    Spells: 10/11 levels left

rFire   . . .        v - +3 quick blade (heavy)
rCold   . . .        (no shield)
rNeg    . . .        (body armour unavailable)
rPois   +            (helmet restricted)
rElec   .            w - scarf {harm}
rCorr   .            (no gloves)
SInv    .            (no boots)
Will    .....        u - amulet of the acrobat
Stlth   +++          f - +6 ring of dexterity
HPRegen 0.31/turn    (no ring)
MPRegen 0.12/turn

%: harm (+30% outgoing, +20% incoming), acrobat
@: no status effects
A: noxious breath, AC +6, unfitting armour, poison resistance, cold-blooded
a: Noxious Breath, Renounce Religion, Heroism


You were on level 6 of the Dungeon.
You worshipped Okawaru.
Okawaru was most pleased with you.
You visited 2 branches of the dungeon, and saw 7 of its levels.

You collected 246 gold pieces.
You spent 59 gold pieces at shops.

Inventory:

Hand Weapons
 v - a +3 heavy quick blade (weapon)
Missiles
 h - 11 poisoned darts (quivered)
Armour
 c - a +0 cloak
 w - a scarf of harm (worn)
Jewellery
 f - a +6 ring of dexterity (left hand)
 n - a ring of ice
 q - a ring of fire
 u - an amulet of the acrobat (around neck)
Wands
 e - a wand of iceblast (11)
 o - a wand of flame (10)
Scrolls
 k - a scroll of fog
 l - a scroll of enchant armour
 m - a scroll of torment
 p - a scroll of immolation
 s - a scroll of teleportation
 x - a scroll of identify
Potions
 a - a potion of brilliance {unknown}
 b - a potion of lignification {unknown}
 d - a potion of curing
 g - a potion of heal wounds {unknown}
 i - a potion of berserk rage {unknown}
 j - a potion of resistance
 r - 2 potions of attraction
 t - a potion of magic {unknown}


   Skills:
 + Level 5.0 Fighting
 + Level 3.8 Short Blades
 + Level 2.5 Throwing
 + Level 2.6 Dodging
 - Level 4.0 Stealth
 - Level 2.4 Spellcasting
 - Level 2.4 Summonings
 + Level 4.1 Invocations
 - Level 1.0 Evocations


You had 10 spell levels left.
You knew the following spells:

 Your Spells              Type           Power      Damage    Failure   Level
a - Summon Small Mammal   Summ           44%        N/A       6%          1

Your spell library contained the following spells:

 Spells                   Type           Power      Damage    Failure   Level
 Kiss of Death            Conj/Necr      8%         2d6       17%         1
 Slow                     Hex            8%         N/A       17%         1
 Static Discharge         Conj/Air       4%         3-4/arc   26%         2
 Fugue of the Fallen      Necr           2%         N/A       45%         3
 Teleport Other           Tloc           2%         N/A       45%         3
 Airstrike                Air            1%         2d(1-17)  86%         4
 Borgnjor's Vile Clutch   Necr/Erth      1%         N/A       99%         5
 Call Canine Familiar     Summ           Unusable   N/A       N/A         3
 Summon Lightning Spire   Summ/Air       Unusable   N/A       N/A         4
 Animate Dead             Necr           Unusable   N/A       N/A         4
 Death Channel            Necr           Unusable   N/A       N/A         6

Dungeon Overview and Level Annotations

Branches:
Dungeon (6/15)             Temple (1/1) D:4

Altars:
Ashenzari
Cheibriados
Gozag
Hepliaklqana
Kikubaaqudgha
Makhleb
Nemelex Xobeh
Okawaru
Qazlal
Ru
Trog
Vehumet
Wu Jian
Xom
The Shining One

Shops:
D:5 **

Annotations:
D:4 1 runed translucent door, Crazy Yiuf
D:5 2 transporters


Innate Abilities, Weirdness & Mutations

You can breathe blasts of noxious fumes.
Your lurid green scales are hard. (AC +6)
You cannot fit into any form of body armour.
Your system is resistant to poisons. (rPois)
You are cold-blooded and may be slowed by cold attacks.


Message History

The orc warrior is lightly wounded.
The orc warrior hits you with a +0 battleaxe.
The orc warrior hits you with a +0 battleaxe!
You puncture the orc warrior!
You tail-slap the orc warrior, but do no damage.
You hit the orc warrior but do no damage.
Your tail-slap misses the orc warrior.
The orc warrior is heavily wounded.
The orc warrior hits you with a +0 battleaxe!
* * * LOW HITPOINT WARNING * * *
Aiming: Noxious Breath
Press: ? - help, Shift-Dir - straight line, f - orc
Aim: an orc, wielding a +0 dagger and carrying a wand of iceblast (84% to hit)
You exhale a blast of noxious fumes.
The blast of choking fumes hits the orc warrior.
The orc warrior is heavily wounded.
The blast of choking fumes hits the orc.
The orc is engulfed in noxious fumes.
The orc appears confused.
The orc warrior is engulfed in noxious fumes.
The orc warrior barely misses you.
Unknown command.
You hit the orc warrior but do no damage.
Your tail-slap misses the orc warrior.
You hit the orc warrior but do no damage.
You tail-slap the orc warrior, but do no damage.
The orc warrior is heavily wounded.
The orc warrior is engulfed in noxious fumes.
The orc warrior appears confused.
The orc warrior barely misses you.
The orc warrior is engulfed in noxious fumes.
The orc warrior appears confused.
The orc warrior hits you with a +0 battleaxe.
* * * LOW HITPOINT WARNING * * *
You hit the orc warrior but do no damage.
You tail-slap the orc warrior, but do no damage.
You catch the helpless orc warrior completely off-guard!
You puncture the orc warrior!
The orc warrior is severely wounded.
The orc warrior is engulfed in noxious fumes.
The orc warrior hits you with a +0 battleaxe!
You die...

## .# ..#
..## . #.☼#
.h# o☼#
#.$. #o#
##...##@#
..._....#
##...##.#
#.....#.#
..# #...###
. ##....#
.......##.#
#.....###.#
###.###...#


You could see an orc warrior (confused) and an orc (confused).

Vanquished Creatures
  A sky beast (D:5)
  A black bear (D:5)
  An ice beast (D:5)
  An ogre (D:4)
  A scorpion (D:5)
  A howler monkey (D:6)
  2 bombardier beetles (D:4)
  2 orc priests
  A hound (D:4)
  3 jellies
  Ijyb (D:3)
  Natasha (thrice) (D:3)
  3 orc wizards
  Terence (D:2)
  5 adders
  A white imp (D:5)
  2 dart slugs (D:3)
  A ribbon worm (D:2)
  10 orcs
  2 endoplasms
  4 giant cockroaches
  5 goblins
  8 hobgoblins
  5 jackals
  4 quokkas
  3 ball pythons
  2 bats
  3 frilled lizards
  8 kobolds
  3 rats
88 creatures vanquished.

Vanquished Creatures (collateral kills)
  An orc wizard (D:5)
  2 ball pythons (D:1)
  A giant cockroach (D:1)
  A jackal (D:1)
  A bat (D:1)
  3 kobolds (D:1)
  A rat (D:1)
10 creatures vanquished.

Vanquished Creatures (others)
  A giant cockroach (D:1)
1 creature vanquished.

Grand Total: 99 creatures vanquished

Notes
Turn   | Place    | Note
-------+----------+-------------------------------------------
     0 | D:1      | chippings the Draconian Wanderer began the quest for the
                  | Orb.
     0 | D:1      | chippings set off with the following items: a +0 club, a
                  | potion of curing, a +0 cloak; and the following spells
                  | available to memorise: Summon Small Mammal, Kiss of Death,
                  | Slow, Call Canine Familiar, Fugue of the Fallen, Teleport
                  | Other.
     0 | D:1      | Reached XP level 1. HP: 16/16 MP: 3/3
    47 | D:1      | Learned a level 1 spell: Summon Small Mammal
   168 | D:1      | Reached XP level 2. HP: 8/24 MP: 0/5
   176 | D:1      | Reached skill level 2 in Fighting
   825 | D:1      | Found a faded altar of an unknown god.
   831 | D:1      | Prayed at the altar of an unknown god.
   831 | D:1      | Became a worshipper of Warmaster Okawaru
   831 | D:1      | Reached * piety under Okawaru
  1227 | D:2      | Reached XP level 3. HP: 30/30 MP: 6/6
  1287 | D:2      | Found a burning altar of Makhleb.
  1449 | D:2      | Noticed Terence
  1521 | D:2      | HP: 1/30 [Terence/+0 hand axe (5)]
  1524 | D:2      | Killed Terence
  1828 | D:3      | Reached skill level 1 in Invocations
  1861 | D:3      | Noticed Ijyb
  1883 | D:3      | Killed Ijyb
  1884 | D:3      | Reached skill level 3 in Fighting
  1884 | D:3      | Reached skill level 1 in Short Blades
  1884 | D:3      | Reached XP level 4. HP: 21/30 MP: 5/7
  2226 | D:3      | Noticed Natasha
  2235 | D:3      | Killed Natasha
  2236 | D:3      | Reached XP level 5. HP: 31/43 MP: 8/8
  2297 | D:3      | Noticed Natasha
  2309 | D:3      | Killed Natasha
  2565 | D:3      | Noticed Natasha
  2573 | D:3      | Killed Natasha
  2757 | D:4      | Noticed an ogre
  2767 | D:4      | Killed an ogre
  2767 | D:4      | Reached ** piety under Okawaru
  2768 | D:4      | Reached skill level 4 in Fighting
  2768 | D:4      | Reached skill level 1 in Throwing
  2768 | D:4      | Reached skill level 1 in Dodging
  2768 | D:4      | Reached XP level 6. HP: 34/52 MP: 6/9
  2932 | D:4      | Found a runed translucent door.
  2933 | D:4      | Noticed Crazy Yiuf
  3217 | D:4      | Found a staircase to the Ecumenical Temple.
  3226 | Temple   | Entered the Ecumenical Temple
  3372 | D:4      | Your scales start taking on a lurid green colour.
  3372 | D:4      | Reached XP level 7. HP: 49/60 MP: 10/10
  3372 | D:4      | Gained mutation: Your system is resistant to poisons.
                  | (rPois) [Green Draconian growth]
  3467 | D:5      | Entered Level 5 of the Dungeon
  3822 | D:5      | Found a transporter.
  3997 | D:5      | Found a transporter.
  4397 | D:5      | Found Eneocuse's Assorted Antiques.
  4403 | D:5      | Bought a sedimented purple potion for 20 gold pieces
  4562 | D:5      | Found a stormy altar of Qazlal.
  4562 | D:5      | Found a bloodstained altar of Trog.
  4563 | D:5      | Found a glowing golden altar of the Shining One.
  4569 | D:5      | Reached *** piety under Okawaru
  4720 | D:5      | Found Fudwos's General Store.
  4728 | D:5      | Bought a scroll of teleportation for 39 gold pieces
  4830 | D:5      | Found a hazy altar of Hepliaklqana.
  5031 | D:5      | Reached skill level 5 in Fighting
  5031 | D:5      | Reached XP level 8. HP: 57/68 MP: 11/11
  5036 | D:5      | Found an iron altar of Okawaru.
  5236 | D:6      | Found a snail-covered altar of Cheibriados.
  5251 | D:6      | Slain by an orc warrior

Illustrated notes

Levels and vault maps discovered:
D:1:      dpeg_arrival_arbitrary_a, layout_basic, ebering_ecumenical_altar_box,
          minivault_4
D:2:      layout_basic, basic_altar, nrook_campfire,
          nicolae_elevator_lobby_asterisk, uniq_terence
D:3:      layout_loops_cross, minmay_cupped, uniq_natasha, uniq_ijyb
D:4:      layout_cave_pools, minmay_temple_entry_poolview, amethyst_killhole,
          uniq_crazy_yiuf_cottage
D:5:      gammafunk_cloud_chamber, layout_layer_cave, marbit_many_paths,
          gammafunk_temple_overflow_claw, nzn_hepliaklqana_mist_gate,
          serial_shops, nicolae_shop_dealshenge, nicolae_diamond_shop
D:6:      layout_loops_ring, zin_purify, bloody_makhleb,
          mainiacjoe_overflow_small_starburst, blue_anna_alchemist,
          minmay_misc_feat_x
Temple:   nicolae_temple_godpark

Skill      XL: |  1  2  3  4  5  6  7 |
---------------+----------------------+-----
Fighting       | 2 3 4 5 |  5.0
Invocations    | 1 2 3 4 |  4.1
Short Blades   | 1 2 3 |  3.8
Throwing       | 1 2 |  2.5
Dodging        | 1 2 |  2.6
Stealth        | 3 4 |  4.0
Spellcasting   | |  2.4
Summonings     | |  2.4
Evocations     | |  1.0

Action                     |  1- 3 |  4- 6 |  7- 9 || total
---------------------------+-------+-------+-------++-------
  Melee: Club              |    54 |       |       ||    54
         Tailslap          |    19 |    19 |    19 ||    57
         Dagger            |   119 |   133 |    53 ||   305
         Quick blade       |       |       |    87 ||    87
  Throw: Dart              |     8 |       |       ||     8
   Cast: Summon Small Mamm |    23 |       |       ||    23
 Invoke: Heroism           |     2 |     1 |     1 ||     4
Ability: Noxious Breath    |       |       |     3 ||     3
  Evoke: Wand              |       |     2 |       ||     2
    Use: Potion            |     3 |       |       ||     3
         Scroll            |     1 |     3 |     6 ||    10
   Stab: Sleeping          |     2 |     4 |     2 ||     8
         Distracted        |     1 |       |       ||     1
         Confused          |       |       |     2 ||     2
 Armour: Skin              |   159 |    70 |    79 ||   308
  Dodge: Dodged            |   113 |    64 |    75 ||   252

Table legend: (Time is in decaauts)
 A = Elapsed time spent in this place.
 B = Non-inter-level travel time spent in this place.
 C = Inter-level travel time spent in this place.
 D = Time resting spent in this place.
 E = Time spent auto-exploring this place.
 F = Levels seen in this place.
 G = Mean time per level.
                   A        B        C        D        E       F      G
               +--------+--------+--------+--------+--------+-----+--------+
         Total |   5243 |   5141 |    102 |      0 |   3692 |   7 |  749.0 |
       Dungeon |   5241 |   5139 |    102 |      0 |   3692 |   6 |  873.5 |
        Temple |      1 |      1 |      0 |      0 |      0 |   1 |    1.0 |
               +--------+--------+--------+--------+--------+-----+--------+

Top non-repeatable levels by time:
     D:5: 1659 daAuts
     D:1: 1138 daAuts
     D:3: 929 daAuts
     D:4: 704 daAuts
     D:2: 691 daAuts
     D:6: 118 daAuts
  Temple: 1 daAuts
